 Dungeon Crawl Stone Soup version 0.17.1-2-g5865329 (webtiles) character file.

85 PossumBlood the Magician (level 4, -3/24 HPs)
             Began as a Deep Elf Wizard on Jan 22, 2016.
             Was an Initiate of Vehumet.
             Slain by a gnoll
             ... wielding a +0 flail
              (11 damage)
             ... on level 2 of the Dungeon.
             The game lasted 00:14:58 (2266 turns).

PossumBlood the Magician (Deep Elf Wizard)          Turns: 2266, Time: 00:14:58

Health: -3/24      AC:  4    Str:  4    XL:     4   Next: 25%
Magic:  6/14       EV:  7    Int: 29    God:    Vehumet [......]
Gold:   93         SH:  0    Dex: 13    Spells: 6 memorised, 2 levels left

rFire  . . .     SeeInvis .     b - +0 dagger
rCold  . . .     Clarity  .     a - +0 robe
rNeg   . . .     SustAt   .     (no shield)
rPois  .         Gourm    .     g - +1 hat
rElec  .         Spirit   .     q - +0 cloak
rCorr  .         Warding  .     (no gloves)
rMut   .         Stasis   .     (no boots)
MR     +....                    (no amulet)
Stlth  ++........               k - ring of protection from magic
                                e - +5 ring of intelligence

@: repel missiles, somewhat resistant to hostile enchantments, unstealthy
A: no striking features
a: Renounce Religion


You were on level 2 of the Dungeon.
You worshipped Vehumet.
Vehumet was noncommittal.
You were not hungry.

You visited 1 branch of the dungeon, and saw 2 of its levels.

You collected 93 gold pieces.

Inventory:

Hand Weapons
 b - a +0 dagger (weapon)
 m - a +0 dagger of venom
Armour
 a - a +0 robe (worn)
 g - a +1 hat (worn)
 q - a +0 cloak (worn)
Jewellery
 e - a +5 ring of intelligence (left hand)
 k - a ring of protection from magic (right hand)
Scrolls
 d - a scroll of noise {unknown}
 h - a scroll of fear {unknown}
 j - a scroll of blinking {unknown}
 l - a scroll of identify {unknown}
 n - a scroll of enchant armour {unknown}
Potions
 f - a potion of cure mutation {unknown}
 p - a potion of poison {unknown}
 r - a potion of might {unknown}
 s - a potion of ambrosia {unknown}
Books
 c - a book of Minor Magic

   Spells                             Type                      Level
   a - Magic Dart                     Conjuration                  1
   b - Blink                          Translocation                2
   c - Call Imp                       Summoning                    2
   d - Repel Missiles                 Charms/Air                   2
   e - Slow                           Hexes                        2
   f - Conjure Flame                  Conjuration/Fire             3
   g - Mephitic Cloud                 Conjuration/Poison/Air       3
Comestibles
 i - 2 meat rations
 o - a beef jerky


   Skills:
 - Level 2.4 Dodging
 - Level 2.4 Stealth
 * Level 6.3 Spellcasting
 + Level 2.5 Conjurations
   Level 1.1 Summonings
 - Level 1.1 Translocations


You had 2 spell levels left.
You knew the following spells:

 Your Spells              Type           Power        Failure   Level  Hunger
a - Magic Dart            Conj           ###.         1%          1    None
b - Blink                 Tloc           N/A          6%          2    None
c - Repel Missiles        Chrm/Air       #.....       10%         2    None
d - Slow                  Hex            #.......     10%         2    None
e - Conjure Flame         Conj/Fire      ###.....     12%         3    None
f - Mephitic Cloud        Conj/Pois/Air  ##......     14%         3    None


Dungeon Overview and Level Annotations

Branches:
Dungeon (2/15)

Altars:
Makhleb
Nemelex Xobeh
Vehumet


Message History

Confirm with . or Enter, or press ? or * to list all spells.
Aiming: Magic Dart
Press: ? - help, Shift-Dir - straight line, f/p - gnoll
Aim: a gnoll, wielding a flail (moderately wounded)
The magic dart hits the gnoll.
The gnoll is moderately wounded.
The gnoll closely misses you.
You swing at nothing.
The gnoll hits you with a flail! The gnoll hits you.
* * * LOW HITPOINT WARNING * * *
The gnoll closely misses you.
There are monsters nearby!
Things that are here:
3 stones; a club You see here a stone.
There is a stone staircase leading down here.
Your magical contamination has completely faded away.
You see here a club.
There is a stone staircase leading up here.
The gnoll hits you with a flail!
You die...

#### #####..##### #####
#..........####....
#.........[##...###
#...)......##.###
#######>.>.......(.(#
###..##....g.......########
#.........@#...####........
#.......####.### ##.#######
#......## #.# #..#......
###..#######.#####.##......
######...........##......
#.>......######......
#........# #......
##......## #...... ########
#......


You could see a gnoll.

Vanquished Creatures
  An adder (D:2)
  A gnoll (D:2)
  2 worms (D:2)
  2 ball pythons (D:2)
  9 bats
  6 goblins
  4 hobgoblins
  7 jackals (D:2)
  10 kobolds
  2 quokkas (D:2)
  4 giant cockroaches
  2 giant geckos (D:2)
  4 giant newts
  A rat (D:2)
55 creatures vanquished.

Vanquished Creatures (others)
  2 hobgoblins (D:2)
2 creatures vanquished.

Grand Total: 57 creatures vanquished

Notes
Turn   | Place    | Note
--------------------------------------------------------------
     0 | D:1      | PossumBlood the Deep Elf Wizard began the quest for the Orb.
     0 | D:1      | Reached XP level 1. HP: 10/10 MP: 7/7
   392 | D:1      | Reached XP level 2. HP: 15/15 MP: 5/9
   451 | D:1      | Learned a level 2 spell: Blink
   454 | D:1      | Learned a level 2 spell: Repel Missiles
   457 | D:1      | Learned a level 2 spell: Slow
   499 | D:1      | Reached skill level 5 in Spellcasting
  1068 | D:2      | Found a burning altar of Makhleb.
  1068 | D:2      | Found a radiant altar of Vehumet.
  1073 | D:2      | Became a worshipper of Vehumet
  1093 | D:2      | Reached XP level 3. HP: 19/19 MP: 8/11
  1510 | D:2      | Learned a level 3 spell: Conjure Flame
  1514 | D:2      | Learned a level 3 spell: Mephitic Cloud
  1713 | D:2      | Reached skill level 6 in Spellcasting
  1914 | D:2      | Found a sparkling altar of Nemelex Xobeh.
  1947 | D:2      | Reached XP level 4. HP: 16/24 MP: 1/14
  2266 | D:2      | Slain by a gnoll

Action                   |  1- 3 |  4- 6 || total
-------------------------+-------+-------++-------
Melee: Dagger            |     8 |       ||     8
 Cast: Magic Dart        |   124 |    20 ||   144
       Repel Missiles    |     2 |       ||     2
       Mephitic Cloud    |     2 |       ||     2
       Conjure Flame     |       |     2 ||     2
  Eat: Bread ration      |     1 |       ||     1
